AoeStats
← Bahamut

Golden Pit

509507505Analyzed
1v1 RM · 6d ago on Sep 27, 2026· 35m 11s· 2 players
Game mode
Random Map
Map size
Tiny (2 player)
Population
200
Speed
Normal
Resources
Standard
Victory
Conquest
Starting age
Dark Age
Ending age
Imperial Age
RankedLock teamsTeams togetherTeam positionsShared explorationLock speedFull tech treeHidden civsTurbo modeCheats
Victory
Defeat
🇺🇸 Vikings · United States
991
+15
🇺🇸 Varangians · United States
978
-15
prayingdantiss7
11:04 Feudal Age
11:10 Loom
15:38 Castle Age
15:32 Horse Collar
15:42 Double-Bit Axe
20:30 Bloodlines
24:17 Man-at-Arms
25:13 Long Swordsman
25:59 Scale Mail Armor
26:10 Forging
28:12 Gambesons
28:48 Chain Mail Armor
29:43 Arson
Bahamut
7:15 Loom
9:25 Feudal Age
9:51 Double-Bit Axe
9:48 Horse Collar
18:51 Castle Age
17:35 Gold Mining
17:57 Scale Mail Armor
20:31 Bow Saw
24:14 Gold Shaft Mining
24:14 Stone Mining
27:58 Chain Mail Armor
27:54 Forging
30:51 Squires
30:38 Arson
31:02 Chieftains
31:39 Fletching
38:15 Imperial Age
Connection lost

Rejoining the realm…

Still unreachable

The connection could not be restored.

Session expired

The server has moved on; the page needs a fresh start.